 Dungeon Crawl Stone Soup version 0.28-a0-8-g6e044cfa68 (webtiles) character file.

Game seed: 1383713533289305995

392 funkygono the Shield-Bearer (level 6, -7/53 HPs)
             Began as a Gnoll Fighter on July 24, 2021.
             Mangled by Duvessa (9 damage)
             ... on level 4 of the Dungeon.
             The game lasted 00:08:00 (3861 turns).

funkygono the Shield-Bearer (Gnoll Fighter)         Turns: 3861, Time: 00:08:01

Health: -7/53      AC: 12    Str: 16    XL:     6   Next: 80%
Magic:  9/9        EV: 10    Int:  8    God:
Gold:   114        SH: 10    Dex: 12    Spells: 8/9 levels left

rFire   . . .      SeeInvis .   a - +0 long sword
rCold   + . .      Faith    .   c - +0 kite shield
rNeg    . . .      Spirit   .   t - +2 leather armour {rC+}
rPois   +          Reflect  .   (no helmet)
rElec   .          Harm     .   r - +2 cloak {rPois}
rCorr   .          Rampage  .   n - +2 pair of gloves {Stlth+}
Will    .....                   (no boots)
Stlth   +++.......              (no amulet)
HPRegen 0.17/turn               (no ring)
MPRegen 0.11/turn               (no ring)

@: hasted, very quick
A: fangs 1, strong nose, distributed training
a: no special abilities


You were on level 4 of the Dungeon.
You visited 1 branch of the dungeon, and saw 4 of its levels.

You collected 114 gold pieces.

Inventory:

Hand Weapons
 a - a +0 long sword (weapon)
 d - a +2 quarterstaff of chaos
Missiles
 f - 48 arrows
 k - 147 stones
 l - 23 poisoned darts (quivered)
Armour
 b - a +0 scale mail
 c - a +0 kite shield (worn)
 n - a +2 pair of gloves of stealth (worn)
 o - a +0 leather armour
 p - a scarf of resistance
 q - a +0 buckler
 r - a +2 cloak of poison resistance (worn)
 t - a +2 leather armour of cold resistance (worn)
Wands
 s - a wand of charming (1)
Scrolls
 g - 3 scrolls of teleportation
 j - a scroll of fog
 m - a scroll of vulnerability
 v - a scroll of amnesia {unknown}
Potions
 e - a potion of brilliance


   Skills:
 + Level 6.9 Fighting
 + Level 2.1 Short Blades
 + Level 5.0 Long Blades
 + Level 2.1 Axes
 + Level 2.1 Maces & Flails
 + Level 2.1 Polearms
 + Level 2.1 Staves
 + Level 2.1 Slings
 + Level 2.1 Bows
 + Level 2.1 Crossbows
 + Level 2.1 Throwing
 + Level 6.9 Armour
 + Level 2.1 Dodging
 + Level 2.1 Stealth
 + Level 6.9 Shields
 + Level 2.1 Unarmed Combat
 + Level 2.1 Spellcasting
 + Level 1.6 Conjurations
 + Level 1.6 Hexes
 + Level 1.6 Summonings
 + Level 1.6 Necromancy
 + Level 1.6 Translocations
 + Level 1.6 Transmutations
 + Level 1.6 Fire Magic
 + Level 1.6 Ice Magic
 + Level 1.6 Air Magic
 + Level 1.6 Earth Magic
 + Level 1.6 Poison Magic
 + Level 2.3 Invocations
 + Level 2.1 Evocations


You had 8 spell levels left.
You knew the following spells:

 Your Spells              Type           Power      Damage    Failure   Level
a - Foxfire               Conj/Fire      12%        2x1d4     52%         1

Your spell library contained the following spells:

 Spells                   Type           Power      Damage    Failure   Level
 Sublimation of Blood     Necr           1%         N/A       67%         2
 Inner Flame              Hex/Fire       3%         N/A       88%         3
 Cause Fear               Hex            1%         N/A       99%         4
 Petrify                  Tmut/Erth      3%         N/A       99%         4
 Irradiate                Conj/Tmut      1%         3d13      100%        5
 Discord                  Hex            1%         N/A       100%        8


Dungeon Overview and Level Annotations

Branches:
Dungeon (4/15)
 Temple: D:4-7

Altars:
Qazlal
Wu Jian

Annotations:
D:4 Duvessa


Innate Abilities, Weirdness & Mutations

You have very sharp teeth.
Your uncanny sense of smell can sniff out nearby items.
Your experience applies equally to all skills.


Message History

The orc misses you.
You closely miss the orc.
The orc is severely wounded.
The orc hits you but does no damage. x2
You completely miss the orc. You bite the orc, but do no damage.
The orc is almost dead.
The orc hits you but does no damage.
You hit the orc.
You kill the orc!
You see here a +0 hand axe.
v - a scroll labelled RONERGH QUGASE
Things that are here:
a +0 whip; a +0 leather armour; an orc corpse You see here a +0 hand axe.
l - 20 poisoned darts (gained 1)
l - 21 poisoned darts (gained 1)
l - 22 poisoned darts (gained 1)
l - 23 poisoned darts (gained 1)
Found a stone staircase leading down.
Duvessa is nearby!
Your shield prevents you from hitting Duvessa.
Duvessa shouts!
Duvessa goes berserk!
Duvessa hits you with a +0 short sword!
You hit Duvessa but do no damage. You block Duvessa's attack.
Duvessa hits you but does no damage.
You closely miss Duvessa.
Duvessa hits you with a +0 short sword! x2
You hit Duvessa but do no damage. Duvessa hits you with a +0 short sword!
* * * LOW HITPOINT WARNING * * *
Duvessa hits you with a +0 short sword.
* * * LOW HITPOINT WARNING * * *
Unknown command.
It was a potion of flight.
You feel very buoyant.
You fly up into the air.
You block Duvessa's attack. Duvessa misses you.
It was a potion of cancellation.
Your magical effects are unravelling.
You feel magically purged.
You float gracefully downwards.
Duvessa barely misses you.
You feel yourself speed up. Duvessa hits you with a +0 short sword!
You die...

###. ##.#......##########.#
#...#####....#####............
..#.......#.## ##.#########..
....#...###.# #..# ##.
##.....##.#####.## #.
#.....<.#..##...# #.
#.......##..#.### #.
#.......###.#.# #.
##........#@#.# ### #.
#.......#.e.#.# ##.####.
#.......###...# #.......
#........# #..## ####.#####.
#.#.....## #...# ##....# #.
#.##...## #.#.###..#### #.
#### #.......## #. #....#####
#. #####[##.....# ####.


You could see Duvessa (berserk).

Vanquished Creatures
  A water moccasin skeleton (D:4)
  Dowan (D:4)
  An orc priest (D:4)
  An iguana (D:4)
  Crazy Yiuf (D:3)
  Jessica (D:3)
  Ijyb (D:4)
  An orc wizard (D:2)
  2 adders
  An ufetubus (D:4)
  4 worms
  A dart slug (D:3)
  13 orcs
  7 bats
  11 endoplasms
  A giant cockroach (D:1)
  4 goblins
  9 hobgoblins
  8 jackals
  6 ball pythons
  2 frilled lizards
  6 kobolds
  8 rats
91 creatures vanquished.

Vanquished Creatures (others)
  8 foxfires
8 creatures vanquished.

Grand Total: 99 creatures vanquished

Notes
Turn   | Place    | Note
-------+----------+-------------------------------------------
     0 | D:1      | funkygono the Gnoll Fighter began the quest for the Orb.
     0 | D:1      | Reached XP level 1. HP: 23/23 MP: 1/1
   120 | D:1      | Reached XP level 2. HP: 29/29 MP: 2/2
   336 | D:1      | Reached XP level 3. HP: 31/35 MP: 3/3
   863 | D:1      | Reached skill level 1 in Invocations
  1022 | D:2      | Reached skill level 1 in Short Blades
  1022 | D:2      | Reached skill level 1 in Axes
  1022 | D:2      | Reached skill level 1 in Maces & Flails
  1022 | D:2      | Reached skill level 1 in Polearms
  1022 | D:2      | Reached skill level 1 in Staves
  1022 | D:2      | Reached skill level 1 in Slings
  1022 | D:2      | Reached skill level 1 in Bows
  1022 | D:2      | Reached skill level 1 in Crossbows
  1022 | D:2      | Reached skill level 1 in Throwing
  1022 | D:2      | Reached skill level 1 in Dodging
  1022 | D:2      | Reached skill level 1 in Stealth
  1022 | D:2      | Reached skill level 1 in Unarmed Combat
  1022 | D:2      | Reached skill level 1 in Spellcasting
  1022 | D:2      | Reached skill level 1 in Evocations
  1054 | D:2      | Found an ornate altar of the Wu Jian Council.
  1159 | D:2      | Reached XP level 4. HP: 41/41 MP: 5/5
  1739 | D:2      | You fall into a shaft and drop 1 floor!
  1917 | D:2      | Reached skill level 1 in Conjurations
  1917 | D:2      | Reached skill level 1 in Hexes
  1917 | D:2      | Reached skill level 1 in Summonings
  1917 | D:2      | Reached skill level 1 in Necromancy
  1917 | D:2      | Reached skill level 1 in Translocations
  1917 | D:2      | Reached skill level 1 in Transmutations
  1917 | D:2      | Reached skill level 1 in Fire Magic
  1917 | D:2      | Reached skill level 1 in Ice Magic
  1917 | D:2      | Reached skill level 1 in Air Magic
  1917 | D:2      | Reached skill level 1 in Earth Magic
  1917 | D:2      | Reached skill level 1 in Poison Magic
  2030 | D:2      | Reached XP level 5. HP: 46/47 MP: 6/6
  2303 | D:3      | Noticed Jessica
  2309 | D:3      | Killed Jessica
  2558 | D:3      | Found a faded altar of an unknown god.
  2569 | D:3      | Got Plato's Guide on Conjuration
  2572 | D:3      | Learned a level 1 spell: Foxfire
  2584 | D:3      | Found a runed translucent door.
  2585 | D:3      | Noticed Crazy Yiuf
  2703 | D:3      | Found a stormy altar of Qazlal.
  2968 | D:3      | Killed Crazy Yiuf
  2974 | D:3      | Identified a scroll of acquirement
  2976 | D:3      | Acquired a +2 cloak of poison resistance
  3221 | D:4      | Noticed Ijyb
  3226 | D:4      | Reached XP level 6. HP: 40/53 MP: 8/8
  3257 | D:4      | Killed Ijyb
  3410 | D:4      | Reached skill level 5 in Long Blades
  3646 | D:4      | Noticed Dowan
  3653 | D:4      | Noticed Duvessa
  3690 | D:4      | Killed Dowan
  3858 | D:4      | HP: 1/53 [Duvessa (5)]
  3861 | D:4      | Mangled by Duvessa

Illustrated notes

Levels and vault maps discovered:
D:1:      dpeg_arrival_renting, layout_loops_ring,
          chequers_serial_rivers_micro_d
D:2:      layout_basic, basic_altar
D:3:      layout_basic, mainiacjoe_overflow_paths, serial_aquarium,
          aquarium_bridge_long_joined [aquarium_subvault_wall,
          aquarium_subvault_bridge, aquarium_subvault_wall,
          aquarium_subvault_bridge, aquarium_subvault_balcony,
          aquarium_subvault_bridge], aquarium_bridge_island_small
          [aquarium_subvault_small_open, aquarium_subvault_bridge,
          aquarium_subvault_wall, aquarium_subvault_bridge,
          aquarium_subvault_wall], aquarium_window_corridor_2,
          aquarium_window_corner, aquarium_window_1, aquarium_view_2b,
          aquarium_balcony_3b, shapermc_ecumenical_altar_rom_forum,
          nrook_mini_vaults, amcnicky_mini_pool_small, uniq_jessica,
          uniq_crazy_yiuf_cottage
D:4:      layout_rooms, minmay_stone_trees_small, uniq_duvessa, uniq_ijyb,
          uniq_robin

Skill      XL: |  1  2  3  4  5  6 |
---------------+-------------------+-----
Invocations    | 1 2 |  2.3
Short Blades   | 1 2 |  2.1
Axes           | 1 2 |  2.1
Maces & Flails | 1 2 |  2.1
Polearms       | 1 2 |  2.1
Staves         | 1 2 |  2.1
Slings         | 1 2 |  2.1
Bows           | 1 2 |  2.1
Crossbows      | 1 2 |  2.1
Throwing       | 1 2 |  2.1
Dodging        | 1 2 |  2.1
Stealth        | 1 2 |  2.1
Unarmed Combat | 1 2 |  2.1
Spellcasting   | 1 2 |  2.1
Evocations     | 1 2 |  2.1
Conjurations   | 1 |  1.6
Hexes          | 1 |  1.6
Summonings     | 1 |  1.6
Necromancy     | 1 |  1.6
Translocations | 1 |  1.6
Transmutations | 1 |  1.6
Fire Magic     | 1 |  1.6
Ice Magic      | 1 |  1.6
Air Magic      | 1 |  1.6
Earth Magic    | 1 |  1.6
Poison Magic   | 1 |  1.6
Long Blades    | 5 |  5.0
Fighting       | |  6.9
Armour         | |  6.9
Shields        | |  6.9

Action                   |  1- 3 |  4- 6 || total
-------------------------+-------+-------++-------
Melee: Long sword        |   119 |   171 ||   290
       Bite              |    15 |    17 ||    32
Throw: Dart              |     3 |    31 ||    34
 Cast: Foxfire           |       |     5 ||     5
  Use: Scroll            |     2 |     5 ||     7
       Potion            |       |     4 ||     4
Armor: Scale mail        |    46 |    78 ||   124
       Leather armour    |       |    12 ||    12
Dodge: Dodged            |    39 |    70 ||   109
Block: Kite shield       |    72 |    96 ||   168
       Rpst.: Long sword |    12 |    17 ||    29

Table legend: (Time is in decaauts)
 A = Elapsed time spent in this place.
 B = Non-inter-level travel time spent in this place.
 C = Inter-level travel time spent in this place.
 D = Time resting spent in this place.
 E = Time spent auto-exploring this place.
 F = Levels seen in this place.
 G = Mean time per level.
                   A        B        C        D        E       F      G
               +--------+--------+--------+--------+--------+-----+--------+
         Total |   3970 |   3914 |     56 |    301 |   2523 |   4 |  992.5 |
       Dungeon |   3970 |   3914 |     56 |    301 |   2523 |   4 |  992.5 |
               +--------+--------+--------+--------+--------+-----+--------+

Top non-repeatable levels by time:
     D:2: 1151 daAuts
     D:3: 1067 daAuts
     D:1: 999 daAuts
     D:4: 751 daAuts
